[Event "Titled Tuesday Blitz March 07 Early 2023"]
[White "Clawitter, Craig"]
[Black "Pissama Ntsaou, Martial"]
[WhiteFideId "2023105"]
[BlackFideId "17400864"]
[WhiteElo "2284"]
[BlackElo "2071"]
[Result "1-0"]
[Round "08"]
[TimeControl "180+2"]
[Date "2023.03.07"]
[WhiteClock "0:00:07"]
[BlackClock "0:00:16"]

1. e4 c6 2. d4 d5 3. e5 Bf5 4. Nf3 e6 5. Be2 Nd7 6. O-O Ne7 7. Nbd2 Bg6 8. Nb3 Nf5 9. c4 dxc4 10. Bxc4 Nb6 11. Be2 Nd5 12. Bg5 Be7 13. Bxe7 Qxe7 14. Rc1 O-O 15. Nc5 Rfd8 16. Qb3 Nb6 17. Rfd1 h6 18. a4 Rab8 19. a5 Nd5 20. a6 b6 21. Ne4 Rbc8 22. g4 Nh4 23. Nd6 Rc7 24. Bc4 Nxf3+ 25. Qxf3 Kh8 26. Bd3 Bxd3 27. Rxd3 c5 28. dxc5 bxc5 29. Rcd1 Qg5 30. Nxf7+ Rxf7 31. Qxf7 Qxg4+ 32. Kh1 Nf4 33. Rg1 Qf5 34. Qxg7# 1-0


[Site "https://www.chess.com"]

[Event "Titled Tuesday Blitz March 07 Early 2023"]
[White "Tsyhanchuk, Stanislav"]
[Black "Kriti Mayur Patel"]
[WhiteFideId "13505130"]
[BlackFideId "35061780"]
[WhiteElo "2173"]
[BlackElo "1306"]
[Result "1-0"]
[Round "08"]
[TimeControl "180+2"]
[Date "2023.03.07"]
[WhiteClock "0:00:07"]
[BlackClock "0:00:03"]

1. c4 e6 2. Nc3 Nf6 3. Nf3 d5 4. e3 Be7 5. b3 O-O 6. Bb2 c5 7. cxd5 exd5 8. d4 Nc6 9. Be2 Be6 10. O-O Ne4 11. dxc5 Bxc5 12. Nb5 Rc8 13. Rc1 Bb6 14. Qd3 Nb4 15. Qb1 Bf5 16. Nbd4 Bg6 17. Qa1 Qd6 18. a3 Nc6 19. Nxc6 bxc6 20. Bxg7 Rfe8 21. Be5 Qe6 22. Bf4 Qg4 23. Bh6 f6 24. Nd4 Qh4 25. Bf4 Nd2 26. Rfd1 Bxd4 27. Qxd4 Nxb3 28. Qc3 Nxc1 29. Rxc1 Be4 30. g3 Qh3 31. Bf1 Qf5 32. h4 Qg6 33. Kh2 c5 34. Bh3 d4 35. exd4 Rcd8 36. dxc5 Rd3 37. Qc4+ Bd5 38. Qc2 Qe4 39. c6 Bxc6 40. Qxc6 Qxc6 41. Rxc6 Rxa3 42. Be6+ Kg7 43. Rc7+ Kh8 44. Bf7 Rf8 45. Bh6 Rb8 46. Bh5 Rb2 47. Kg2 Raa2 48. Be3 Rb3 49. Bd4 Rd3 50. Bxf6+ Kg8 51. Bf7+ Kf8 52. Bxa2 Rd2 53. Rc8+ Rd8 54. Rxd8# 1-0


[Site "https://www.chess.com"]

[Event "Titled Tuesday Blitz March 07 Early 2023"]
[White "Vanek, Tomas"]
[Black "Wilson, Elvin"]
[WhiteFideId "313459"]
[BlackFideId "2014874"]
[WhiteElo "2052"]
[BlackElo "2279"]
[Result "1-0"]
[Round "08"]
[TimeControl "180+2"]
[Date "2023.03.07"]
[WhiteClock "0:01:02"]
[BlackClock "0:00:01"]

1. d4 Nf6 2. Bg5 e6 3. e4 h6 4. Bxf6 Qxf6 5. e5 Qd8 6. Bd3 c5 7. c3 Qb6 8. Qb3 Qxb3 9. axb3 cxd4 10. cxd4 Nc6 11. Nf3 Nb4 12. Be4 d5 13. exd6 Bxd6 14. Na3 f5 15. Nb5 Bb8 16. Bb1 Bd7 17. Nc3 Bc6 18. O-O Bxf3 19. gxf3 O-O 20. Re1 Kf7 21. Ra5 b6 22. Rb5 Bd6 23. d5 g6 24. dxe6+ Kg7 25. Rd1 Rad8 26. Rxd6 Rxd6 27. Rxb4 Rxe6 28. Bd3 Rd8 29. Bc4 Re1+ 30. Kg2 Rd2 31. Ra4 Re7 32. Ra2 g5 33. h3 Kf6 34. Nd5+ 1-0


[Site "https://www.chess.com"]

[Event "Titled Tuesday Blitz March 07 Early 2023"]
[White "Smith, Garrett L"]
[Black "Castillo Pena, Patricia Evarista"]
[WhiteFideId "2024829"]
[BlackFideId "6412106"]
[WhiteElo "2270"]
[BlackElo "1919"]
[Result "1-0"]
[Round "08"]
[TimeControl "180+2"]
[Date "2023.03.07"]
[WhiteClock "0:00:53"]
[BlackClock "0:00:33"]

1. e4 c5 2. a3 d5 3. exd5 Qxd5 4. Nc3 Qe5+ 5. Be2 Nf6 6. d3 g6 7. Nf3 Qc7 8. Bg5 Bg7 9. Qd2 O-O 10. O-O-O a6 11. h4 b5 12. h5 Nc6 13. Bh6 Ng4 14. Bxg7 Kxg7 15. hxg6 fxg6 16. Nd5 Qd6 17. Qc3+ e5 18. Nb6 Ra7 19. Nxc8 Rxc8 20. Ng5 h6 21. Bxg4 Rf8 22. Ne4 Qd4 23. Qxc5 Qxc5 24. Nxc5 Rxf2 25. Rdf1 Rxg2 26. Bf3 Rg3 27. Bxc6 1-0


[Site "https://www.chess.com"]

[Event "Titled Tuesday Blitz March 07 Early 2023"]
[White "Liu, Yi"]
[Black "Comas Fabrego, Lluis"]
[WhiteFideId "3210588"]
[BlackFideId "2200325"]
[WhiteElo "2264"]
[BlackElo "2523"]
[Result "1/2-1/2"]
[Round "08"]
[TimeControl "180+2"]
[Date "2023.03.07"]
[WhiteClock "0:00:11"]
[BlackClock "0:00:18"]

1. e4 c5 2. Nf3 d6 3. d4 cxd4 4. Nxd4 Nf6 5. Nc3 g6 6. Be3 Bg7 7. f3 O-O 8. Qd2 Nc6 9. O-O-O d5 10. Nxc6 bxc6 11. exd5 Nxd5 12. Nxd5 cxd5 13. Qxd5 Qc7 14. Qc5 Qb7 15. Bd4 Bf5 16. Qa3 Rac8 17. c3 Bh6+ 18. Rd2 Bxd2+ 19. Kxd2 Qd7 20. Ke1 Qe6+ 21. Kf2 Qd6 22. Qxd6 exd6 23. Bxa7 Ra8 24. Bd4 Rxa2 25. c4 Rb8 26. Be2 Rbxb2 27. Bxb2 Rxb2 28. Ke3 Be6 29. Rc1 Kg7 30. c5 dxc5 31. Rxc5 Rb3+ 32. Kf2 Rb2 33. Ke3 Rb3+ 34. Kf2 Rb2 35. Ke3 1/2-1/2


[Site "https://www.chess.com"]

[Event "Titled Tuesday Blitz March 07 Early 2023"]
[White "Sarkar, Justin"]
[Black "Michalski, Olaf"]
[WhiteFideId "2010011"]
[BlackFideId "1106740"]
[WhiteElo "2189"]
[BlackElo "2173"]
[Result "1-0"]
[Round "08"]
[TimeControl "180+2"]
[Date "2023.03.07"]
[WhiteClock "0:01:10"]
[BlackClock "0:01:08"]

1. d4 d6 2. e4 Nc6 3. d5 Nb8 4. c4 g6 5. h3 Bg7 6. Nf3 c6 7. Bd3 Nd7 8. O-O Nc5 9. Bc2 a5 10. Nc3 Nf6 11. Nd4 e5 12. Nde2 O-O 13. Be3 Nfd7 14. dxc6 bxc6 15. Qxd6 Ne6 16. Qxc6 Ba6 17. Rfd1 Nd4 18. Nxd4 exd4 19. Bxd4 1-0


[Site "https://www.chess.com"]

[Event "Titled Tuesday Blitz March 07 Early 2023"]
[White "Tarnowska, Aleksandra"]
[Black "Bruned, Boris"]
[WhiteFideId "1180967"]
[BlackFideId "621790"]
[WhiteElo "1776"]
[BlackElo "2049"]
[Result "0-1"]
[Round "08"]
[TimeControl "180+2"]
[Date "2023.03.07"]
[WhiteClock "0:00:07"]
[BlackClock "0:00:13"]

1. e4 b6 2. d4 Bb7 3. Nc3 e6 4. Bd3 Bb4 5. Ne2 d5 6. exd5 Qxd5 7. f3 Nc6 8. a3 Bxc3+ 9. bxc3 O-O-O 10. O-O h6 11. Nf4 Qd7 12. a4 g5 13. Nh5 a5 14. Bb5 f5 15. Qe2 Qf7 16. Ng3 Nf6 17. Ba3 Nd5 18. Bb2 Nf4 19. Qc4 Qd7 20. Rae1 Rhe8 21. Ba6 h5 22. Ne2 Nd5 23. Bxb7+ Kxb7 24. Nc1 f4 25. Nd3 Ne3 26. Qb3 Qd5 27. Qxd5 exd5 28. Rf2 Nc4 29. Bc1 Rxe1+ 30. Nxe1 Re8 31. Kf1 Re6 32. Re2 Rxe2 33. Kxe2 Ne7 34. Nd3 Nf5 35. Bd2 Kc6 36. g3 fxg3 37. hxg3 Nxg3+ 38. Kd1 g4 39. fxg4 hxg4 40. Nf2 Ne4 41. Bf4 Nxf2+ 42. Ke2 Ne4 43. Bh2 Nxc3+ 44. Kf2 Nxa4 45. Kg3 Nab2 46. Bg1 Nd1 47. Kxg4 Nde3+ 48. Kf3 Nxc2 49. Ke2 Nb4 50. Bh2 a4 51. Kd1 a3 52. Kc1 Nd3+ 53. Kc2 a2 54. Kxd3 a1=Q 55. Bf4 Qd1+ 56. Kc3 Qf3+ 57. Kb4 Qxf4 58. Ka4 Qxd4 59. Kb4 Qc5+ 60. Kb3 Qa3+ 61. Kc2 Qh3 62. Kb1 Ne5 63. Ka2 Kb5 64. Kb2 Kb4 65. Kc2 Kc4 66. Kb2 Qc3+ 67. Ka2 Qb3+ 68. Ka1 Qd1+ 69. Ka2 Qf3 70. Kb1 Kb3 71. Ka1 Qg2 72. Kb1 Qb2# 0-1


[Site "https://www.chess.com"]

[Event "Titled Tuesday Blitz March 07 Early 2023"]
[White "Baruch, Liam"]
[Black "Ciuffoletti, Paolo"]
[WhiteFideId "14322064"]
[BlackFideId "807630"]
[WhiteElo "2069"]
[BlackElo "2143"]
[Result "0-1"]
[Round "08"]
[TimeControl "180+2"]
[Date "2023.03.07"]
[WhiteClock "0:00:01"]
[BlackClock "0:00:21"]

1. e4 c5 2. Nf3 Nc6 3. d4 cxd4 4. Nxd4 Nf6 5. Nc3 e5 6. Ndb5 d6 7. Bg5 a6 8. Na3 b5 9. Nd5 Be7 10. Bxf6 Bxf6 11. c3 O-O 12. Nc2 Rb8 13. Be2 a5 14. b4 axb4 15. Ncxb4 Nxb4 16. Nxb4 Bb7 17. Qd3 Bg5 18. O-O Qb6 19. Nd5 Bxd5 20. Qxd5 Rfc8 21. Rab1 Rc5 22. Qd3 Qc6 23. a4 Rxc3 24. axb5 Qc5 25. Qd5 Qxd5 26. exd5 Rb6 27. g3 f5 28. f4 exf4 29. gxf4 Bf6 30. Rfc1 Bd4+ 31. Kg2 Rc5 32. Rxc5 Bxc5 33. Bd3 g6 34. Ra1 Kg7 35. Ra6 Kf6 36. Ra8 h6 37. Rf8+ Kg7 38. Rc8 Rb7 39. Kf3 Re7 40. Rc6 Re3+ 41. Kg2 Rxd3 42. Rc7+ Kf6 43. Rc8 Rb3 44. Rf8+ Kg7 45. Rb8 Rb2+ 46. Kf3 g5 47. Rb7+ Kf6 48. fxg5+ hxg5 49. h4 Rb3+ 50. Ke2 g4 51. h5 Kg5 52. h6 Kxh6 53. Rb8 Kg5 54. Rg8+ Kf4 55. Re8 g3 56. Rg8 Rxb5 57. Rf8 Rb2+ 58. Kf1 g2+ 0-1


[Site "https://www.chess.com"]

[Event "Titled Tuesday Blitz March 07 Early 2023"]
[White "Chabris, Christopher"]
[Black "Mushini Ajay"]
[WhiteFideId "2005263"]
[BlackFideId "35066188"]
[WhiteElo "2202"]
[BlackElo "2145"]
[Result "0-1"]
[Round "08"]
[TimeControl "180+2"]
[Date "2023.03.07"]
[WhiteClock "0:00:10"]
[BlackClock "0:00:59"]

1. e4 c5 2. Nf3 e6 3. d4 cxd4 4. Nxd4 Nf6 5. Nc3 d6 6. g4 Be7 7. g5 Nfd7 8. Rg1 Nc6 9. h4 a6 10. Be3 Qc7 11. h5 Nde5 12. f4 Nd7 13. g6 hxg6 14. hxg6 Bh4+ 15. Ke2 Nxd4+ 16. Qxd4 Bf6 17. gxf7+ Kxf7 18. Qd3 Nc5 19. Qd2 b5 20. f5 b4 21. fxe6+ Bxe6 22. Nd5 Qc6 23. Bg2 Bg4+ 24. Bf3 Bxf3+ 25. Kxf3 Rh3+ 26. Ke2 Rh2+ 27. Kf3 Rxd2 0-1


[Site "https://www.chess.com"]

[Event "Titled Tuesday Blitz March 07 Early 2023"]
[White "Quirke, Jeffrey"]
[Black "Hrabinska, Myroslava"]
[WhiteFideId "2013029"]
[BlackFideId "14109190"]
[WhiteElo "2200"]
[BlackElo "2039"]
[Result "0-1"]
[Round "08"]
[TimeControl "180+2"]
[Date "2023.03.07"]
[WhiteClock "0:00:20"]
[BlackClock "0:00:20"]

1. e4 c5 2. Nc3 Nc6 3. f4 e6 4. Nf3 d5 5. exd5 exd5 6. d4 Nf6 7. Bb5 a6 8. Bxc6+ bxc6 9. O-O Be7 10. Kh1 O-O 11. dxc5 Bxc5 12. Na4 Ba7 13. c4 Ne4 14. c5 Nxc5 15. Nxc5 Bxc5 16. Qc2 Qb6 17. Ng5 g6 18. Qd3 Bf5 19. Qg3 Rfe8 20. Qh4 h5 21. Nf3 Re2 22. Qf6 Re6 23. Qc3 d4 24. Qb3 Qxb3 25. axb3 d3 26. Bd2 Re2 27. Bc3 Be3 28. Nd4 Bxd4 29. Bxd4 Rd8 30. Bc3 d2 31. Rad1 Bc2 32. Kg1 Bxd1 33. Rxd1 Re1+ 34. Rxe1 dxe1=Q+ 35. Bxe1 Rd1 36. Kf2 Kf8 37. Bc3 Ke7 38. Kf3 Ke6 39. g3 Kd5 40. h3 Rd3+ 41. Kf2 Ke4 42. b4 Rf3+ 43. Kg2 Rxc3 44. bxc3 Kd3 45. g4 hxg4 46. hxg4 Kxc3 0-1


[Site "https://www.chess.com"]

[Event "Titled Tuesday Blitz March 07 Early 2023"]
[White "Burdalev, Kirill"]
[Black "McLaren, Brian"]
[WhiteFideId "14121913"]
[BlackFideId "2604612"]
[WhiteElo "2236"]
[BlackElo "2132"]
[Result "1-0"]
[Round "08"]
[TimeControl "180+2"]
[Date "2023.03.07"]
[WhiteClock "0:00:11"]
[BlackClock "0:00:42"]

1. d4 d5 2. c4 e6 3. g3 c6 4. Bg2 Bd6 5. Nf3 f5 6. O-O Nd7 7. Nc3 Ngf6 8. Qc2 dxc4 9. a4 O-O 10. Nd2 Nd5 11. Nxc4 Bc7 12. e4 N5f6 13. exf5 exf5 14. d5 cxd5 15. Nxd5 Nxd5 16. Bxd5+ Kh8 17. b3 Nb6 18. Nxb6 Bxb6 19. Bc4 Bd7 20. Ba3 Re8 21. Rad1 Qc7 22. Bb2 f4 23. Bxg7+ Kxg7 24. Qc3+ Kg6 25. Bd3+ Bf5 26. Bxf5+ Kxf5 27. Rd5+ Kg6 28. Qd3+ Kg7 29. Rd7+ Re7 30. Rxc7 Bxc7 31. Qd4+ Kg8 32. Qd5+ Kg7 33. Qxb7 Rae8 34. Kg2 fxg3 35. hxg3 Bxg3 36. Qd5 Bf4 37. Rg1 Re5 38. Kf3+ Kf6 39. Qd4 Bg5 40. Qxa7 h6 41. a5 Rf5+ 42. Kg2 Re2 43. Qd4+ Kg6 44. Rf1 Be3 45. Qd6+ Kg5 46. Qd8+ Kg6 47. Qd3 Rxf2+ 48. Rxf2 Bxf2 49. Qxf5+ Kxf5 50. Kxf2 Ke5 51. b4 Kd5 52. Kg3 Kc6 53. Kh4 Kb5 54. Kh5 1-0


[Site "https://www.chess.com"]

[Event "Titled Tuesday Blitz March 07 Early 2023"]
[White "Awoki, Daniel Teidi"]
[Black "Hartikainen, Jarmo"]
[WhiteFideId "2100827"]
[BlackFideId "503134"]
[WhiteElo "2087"]
[BlackElo "2192"]
[Result "0-1"]
[Round "08"]
[TimeControl "180+2"]
[Date "2023.03.07"]
[WhiteClock "0:00:03"]
[BlackClock "0:00:11"]

1. e4 c5 2. Nf3 Nc6 3. d4 cxd4 4. Nxd4 Nf6 5. Nc3 d6 6. Bg5 e6 7. Qd2 a6 8. O-O-O Bd7 9. f3 b5 10. Kb1 Na5 11. Nb3 Nc4 12. Bxc4 bxc4 13. Nc1 Rb8 14. Be3 Qc7 15. g4 Qb7 16. b3 Bc6 17. Rhe1 Be7 18. N3e2 cxb3 19. axb3 O-O 20. g5 Nd7 21. h4 a5 22. h5 a4 23. Nd4 axb3 24. cxb3 Ra8 25. g6 Qa6 26. Qb2 Nc5 27. h6 Bf6 28. Bg5 fxg6 29. Bxf6 gxf6 30. Nxc6 Qxc6 31. Nd3 Rab8 32. Nxc5 dxc5 33. Rc1 Rfc8 34. Re3 Rb5 35. Rec3 Rcb8 36. Kc2 Qb6 37. Rc4 Rxb3 38. Qxf6 Rb2+ 39. Kd1 Qb3+ 40. Ke1 Qe3+ 0-1


[Site "https://www.chess.com"]

[Event "Titled Tuesday Blitz March 07 Early 2023"]
[White "Sabar, Ethmane Daouda"]
[Black "laurynaszaveckis"]
[WhiteFideId "19600097"]
[WhiteElo "1950"]
[BlackElo "2256"]
[Result "0-1"]
[Round "08"]
[TimeControl "180+2"]
[Date "2023.03.07"]
[WhiteClock "0:00:01"]
[BlackClock "0:01:16"]

1. e4 d6 2. d4 Nf6 3. Nc3 g6 4. Be3 Bg7 5. Qd2 Nbd7 6. f3 c6 7. Nge2 O-O 8. Bh6 b5 9. a3 a5 10. h4 Nb6 11. Ng3 Ba6 12. h5 e5 13. hxg6 fxg6 14. Bxg7 Kxg7 15. Qh6+ Kg8 16. O-O-O Qe7 17. dxe5 dxe5 18. Nb1 b4 19. Bxa6 Rxa6 20. Ne2 bxa3 21. Nxa3 Ra7 22. Qe3 Rb7 23. Nc3 Rfb8 24. Rd2 Qb4 25. Na2 Qa4 26. Nc3 Qb4 27. Na2 Qe7 28. Rhd1 Na4 29. Nc4 Nxb2 30. Nxb2 Rxb2 31. Rd8+ Rxd8 32. Rxd8+ Qxd8 33. Kxb2 Qb8+ 34. Qb3+ Qxb3+ 35. Kxb3 Nh5 36. Nc3 Nf4 37. g3 Ne6 38. Kc4 Kf7 0-1


[Site "https://www.chess.com"]

[Event "Titled Tuesday Blitz March 07 Early 2023"]
[White "Kiseleva, Arina"]
[Black "Thiel, Thomas"]
[WhiteFideId "4164989"]
[BlackFideId "4615964"]
[WhiteElo "1756"]
[BlackElo "2232"]
[Result "0-1"]
[Round "08"]
[TimeControl "180+2"]
[Date "2023.03.07"]
[WhiteClock "0:00:07"]
[BlackClock "0:00:10"]

1. d4 Nf6 2. Nf3 g6 3. c4 Bg7 4. Nc3 d5 5. cxd5 Nxd5 6. Bd2 O-O 7. e4 Nb6 8. Be3 Bg4 9. Be2 Nc6 10. e5 Nd5 11. Nxd5 Qxd5 12. h3 Bxf3 13. Bxf3 Qa5+ 14. Qd2 Qxd2+ 15. Kxd2 Rfd8 16. Kc3 e6 17. Rad1 Rab8 18. h4 Ne7 19. Bg5 Nd5+ 20. Kc4 Rd7 21. h5 b5+ 22. Kb3 h6 23. Bc1 g5 24. Rd3 Rbd8 25. Rhd1 a5 26. a3 a4+ 27. Kc2 b4 28. Bxd5 Rxd5 29. axb4 Bf8 30. b5 Rxb5 31. f4 gxf4 32. Bxf4 Rbd5 33. Kc3 Kh7 34. g4 Be7 35. Rg1 c5 36. g5 cxd4+ 37. Kd2 hxg5 38. Bxg5 Bb4+ 39. Ke2 Rg8 40. Rdg3 Rxe5+ 41. Kd3 Rd5 42. Bf6 Rxg3+ 43. Rxg3 Bf8 44. Rh3 e5 45. Ke4 Rb5 46. Bxe5 Rxb2 47. Bxd4 Rb4 48. Kd3 Rb3+ 49. Bc3 Bg7 50. Kc2 Rxc3+ 51. Rxc3 Bxc3 52. Kxc3 Kh6 53. Kb4 f5 54. Kxa4 f4 55. Kb3 f3 56. Kc2 f2 0-1


[Site "https://www.chess.com"]

[Event "Titled Tuesday Blitz March 07 Early 2023"]
[White "Burke, John F"]
[Black "Osuna Vega, Enrique"]
[WhiteFideId "2052970"]
[BlackFideId "2219549"]
[WhiteElo "2224"]
[BlackElo "2165"]
[Result "0-1"]
[Round "08"]
[TimeControl "180+2"]
[Date "2023.03.07"]
[WhiteClock "0:00:15"]
[BlackClock "0:00:06"]

1. d4 c6 2. c4 b5 3. e4 bxc4 4. Bxc4 d5 5. exd5 cxd5 6. Bd3 e6 7. Nf3 Nf6 8. O-O h6 9. Nc3 Bd7 10. Bf4 Qb6 11. Qe2 Bd6 12. Be5 Bxe5 13. Nxe5 O-O 14. Rad1 Nc6 15. Nxc6 Bxc6 16. h3 Rab8 17. Rd2 Rfc8 18. Re1 Kf8 19. Bb1 Bb5 20. Qe5 Qc7 21. Qe3 Bd7 22. f4 Rb4 23. g4 Rcb8 24. Ree2 Qb6 25. Kg2 Ne4 26. Nxe4 dxe4 27. Bxe4 Bc6 28. Bxc6 Qxc6+ 29. Kg3 Qd5 30. Qe5 Qxa2 31. Qd6+ Kg8 32. f5 Rb3+ 33. Kh4 Rxb2 34. Qh2 Rxd2 35. Rxd2 Qd5 36. Qf4 Rb3 37. f6 g5+ 0-1


[Site "https://www.chess.com"]

[Event "Titled Tuesday Blitz March 07 Early 2023"]
[White "Johnson, Ben"]
[Black "rikchessmx"]
[WhiteFideId "2010917"]
[WhiteElo "2143"]
[BlackElo "2223"]
[Result "1-0"]
[Round "08"]
[TimeControl "180+2"]
[Date "2023.03.07"]
[WhiteClock "0:00:33"]
[BlackClock "0:00:51"]

1. Nf3 g6 2. e4 Bg7 3. d4 d6 4. Bc4 Nd7 5. Qe2 c6 6. Nc3 e5 7. Be3 Ngf6 8. a4 O-O 9. O-O Ng4 10. Bg5 Qb6 11. dxe5 Ndxe5 12. Nxe5 Nxe5 13. Bb3 Re8 14. a5 Qc5 15. Be3 Qb4 16. Ra4 Qxa4 17. Bxa4 b5 18. axb6 axb6 19. f4 Ba6 20. Qd1 Nc4 21. Bc1 Bxc3 22. bxc3 b5 23. Bb3 Rad8 24. Bxc4 bxc4 25. Re1 Bb5 26. Ba3 d5 27. exd5 Rxe1+ 28. Qxe1 cxd5 29. Bc5 Re8 30. Qh4 Ba4 31. Bd4 Re6 32. Qd8+ Re8 33. Qf6 1-0


[Site "https://www.chess.com"]

[Event "Titled Tuesday Blitz March 07 Early 2023"]
[White "Tharushi, T H D Niklesha"]
[Black "Biriukov, Ilja"]
[WhiteFideId "9918264"]
[BlackFideId "4113373"]
[WhiteElo "1596"]
[BlackElo "2426"]
[Result "0-1"]
[Round "08"]
[TimeControl "180+2"]
[Date "2023.03.07"]
[WhiteClock "0:00:10"]
[BlackClock "0:00:48"]

1. d4 Nf6 2. c4 c5 3. d5 b5 4. Qc2 g6 5. e4 d6 6. Nf3 Bg7 7. Nc3 b4 8. Nd1 a5 9. Bd3 a4 10. a3 Na6 11. O-O O-O 12. h3 e6 13. Bf4 exd5 14. cxd5 Nh5 15. Bh2 b3 16. Qe2 f5 17. exf5 gxf5 18. Ne3 f4 19. Nc4 Nc7 20. Nb6 Rb8 21. Nxa4 Kh8 22. Bc4 Qf6 23. Nc3 Qg6 24. Rac1 Bxh3 25. Nh4 Qg5 26. Qf3 Bg4 27. Ne4 Qxh4 28. Qd3 f3 29. g3 Qh3 0-1


[Site "https://www.chess.com"]

[Event "Titled Tuesday Blitz March 07 Early 2023"]
[White "Necula, Iulian"]
[Black "Martinez, Shawn"]
[WhiteFideId "1232380"]
[BlackFideId "2039770"]
[WhiteElo "1790"]
[BlackElo "2174"]
[Result "0-1"]
[Round "08"]
[TimeControl "180+2"]
[Date "2023.03.07"]
[WhiteClock "0:00:02"]
[BlackClock "0:00:48"]

1. d4 Nf6 2. Nc3 g6 3. Bf4 Bg7 4. e4 d6 5. h4 h5 6. Qd2 c6 7. Nh3 b5 8. O-O-O b4 9. Nb1 Nxe4 10. Qxb4 Bxh3 11. Qb7 Bd7 12. Qxa8 Qb6 13. c3 Nxf2 14. Bc4 O-O 15. Rhe1 Nxd1 16. Kxd1 Bg4+ 17. Kc2 Nd7 18. Qxf8+ Bxf8 19. Nd2 Bf5+ 20. Kc1 e5 21. Be3 Qa5 22. Bb3 Nf6 23. dxe5 dxe5 24. Bg5 Ng4 25. Nc4 Qc5 26. Ne3 Bh6 27. Nxf5 Bxg5+ 28. hxg5 gxf5 29. g6 Ne3 30. gxf7+ Kf8 31. Re2 Nd5 32. Rxe5 Qg1+ 33. Bd1 Kxf7 34. Rxf5+ Ke6 35. Rxh5 Ne3 36. Rh6+ Ke7 37. Rh7+ Kd6 38. Rh6+ Kc7 39. Rh7+ Kb6 40. Rd7 Nd5 41. c4 Qe3+ 42. Kb1 Qe4+ 43. Bc2 Qe1+ 0-1


[Site "https://www.chess.com"]

[Event "Titled Tuesday Blitz March 07 Early 2023"]
[White "Filgueira, Hernan"]
[Black "Dilmukhametov, Artur"]
[WhiteFideId "101770"]
[BlackFideId "24179922"]
[WhiteElo "2363"]
[BlackElo "2199"]
[Result "1-0"]
[Round "08"]
[TimeControl "180+2"]
[Date "2023.03.07"]
[WhiteClock "0:02:19"]
[BlackClock "0:01:26"]

1. c4 Nf6 2. Nc3 g6 3. e4 d6 4. d4 Bg7 5. f3 O-O 6. Nge2 Nbd7 7. Be3 e5 8. d5 b6 9. g4 Nc5 10. h3 a6 11. Qd2 Bd7 12. Ng3 Rb8 13. b4 Nb7 14. Be2 Qe8 15. O-O b5 16. c5 Nd8 17. c6 Bc8 18. a4 bxa4 19. Rxa4 Nxc6 20. dxc6 Qxc6 21. Rfa1 Ra8 22. b5 Qb7 23. bxa6 Qc6 24. Bb5 1-0


[Site "https://www.chess.com"]

[Event "Titled Tuesday Blitz March 07 Early 2023"]
[White "Kukula, Pawel"]
[Black "Degrande, Marigje"]
[WhiteFideId "1115081"]
[BlackFideId "262757"]
[WhiteElo "2012"]
[BlackElo "2186"]
[Result "1-0"]
[Round "08"]
[TimeControl "180+2"]
[Date "2023.03.07"]
[WhiteClock "0:00:46"]
[BlackClock "0:00:01"]

1. d4 Nf6 2. Nf3 c5 3. Nc3 cxd4 4. Qxd4 Nc6 5. Qh4 g6 6. e4 d6 7. Bc4 Bg7 8. Bh6 O-O 9. O-O-O Qa5 10. Ng5 b5 11. Bxg7 Kxg7 12. Bd5 h6 13. Bxc6 hxg5 14. Qxg5 Rb8 15. e5 dxe5 16. Qxe5 Be6 17. g4 Bxg4 18. Rd4 Be6 19. a3 Qb6 20. Bd5 Rfd8 21. Rhd1 a5 22. Bxe6 Rxd4 23. Rxd4 Qxe6 24. Qxe6 fxe6 25. b4 axb4 26. Rxb4 Rh8 27. h4 Nd5 28. Nxd5 exd5 29. Rxb5 Rxh4 30. Rxd5 Rf4 31. Rd2 Kf6 32. Kb2 g5 33. Kb3 g4 34. c4 e5 35. c5 Rf3+ 36. Kb4 Ke6 37. c6 Rf7 38. Kc5 Ra7 39. Rd3 e4 40. Rb3 Ra5+ 41. Kb6 Rd5 42. c7 Rd6+ 43. Kb7 Rd7 44. a4 1-0


[Site "https://www.chess.com"]

[Event "Titled Tuesday Blitz March 07 Early 2023"]
[White "Winkels, Marcel"]
[Black "Rama, Tejas"]
[WhiteFideId "1003887"]
[BlackFideId "30907381"]
[WhiteElo "1900"]
[BlackElo "2089"]
[Result "0-1"]
[Round "08"]
[TimeControl "180+2"]
[Date "2023.03.07"]
[WhiteClock "0:01:56"]
[BlackClock "0:02:24"]

1. e4 c5 2. Nf3 d6 3. d4 cxd4 4. Nxd4 Nf6 5. Nc3 Nc6 6. Bg5 e6 7. Qd2 a6 8. O-O-O Bd7 9. f4 Be7 10. Nxc6 Bxc6 11. e5 dxe5 12. Qxd8+ Rxd8 13. Rxd8+ Kxd8 14. fxe5 Ng4 15. Bxe7+ Kxe7 16. Be2 Nxe5 17. Rg1 h5 18. h3 h4 19. g3 hxg3 20. Rxg3 Ng6 21. Bd3 Nf4 22. Rxg7 Nxd3+ 23. cxd3 Rxh3 24. Kc2 Rh2+ 25. Kb3 e5 26. Ne4 Bxe4 27. dxe4 Rh4 28. Rg4 Rxg4 0-1


[Site "https://www.chess.com"]

[Event "Titled Tuesday Blitz March 07 Early 2023"]
[White "Sanchez, Robert"]
[Black "Jesusesmifuerza"]
[WhiteFideId "2034360"]
[WhiteElo "2295"]
[BlackElo "2028"]
[Result "0-1"]
[Round "08"]
[TimeControl "180+2"]
[Date "2023.03.07"]
[WhiteClock "0:01:42"]
[BlackClock "0:01:36"]

1. e4 c5 2. Nf3 e6 3. d4 cxd4 4. Nxd4 Nf6 5. Bd3 Nc6 6. Nxc6 bxc6 7. O-O d5 8. e5 Nd7 9. f4 Ba6 10. Kh1 Bxd3 11. cxd3 g6 12. d4 c5 13. Nc3 cxd4 14. Nb5 Qb6 15. Nxd4 Bg7 16. Be3 Qxb2 17. Rb1 Qa3 18. Rb3 Qxa2 19. Rb7 Nc5 20. Rc7 Ne4 21. Nxe6 fxe6 22. Rxg7 Rd8 23. Rxa7 Qc4 24. Qg4 Qxf1+ 0-1


[Site "https://www.chess.com"]

[Event "Titled Tuesday Blitz March 07 Early 2023"]
[White "Fedoseev, Vladimir"]
[Black "Bortnyk, Olexandr"]
[WhiteFideId "24130737"]
[BlackFideId "14120828"]
[WhiteElo "2752"]
[BlackElo "2734"]
[Result "1-0"]
[Round "09"]
[TimeControl "180+2"]
[Date "2023.03.07"]
[WhiteClock "0:01:17"]
[BlackClock "0:00:02"]

1. e4 Nf6 2. e5 Nd5 3. d4 d6 4. c4 Nb6 5. f4 dxe5 6. fxe5 Bf5 7. Nc3 e6 8. c5 Nd5 9. Nf3 b6 10. Qa4+ c6 11. Bg5 Be7 12. Nxd5 Bxg5 13. cxb6 axb6 14. Qxa8 O-O 15. Nc3 Be3 16. Rd1 b5 17. Qa3 Bc2 18. Nxb5 Bxd1 19. Kxd1 Bh6 20. Nd6 Nd7 21. Bd3 Nb6 22. Kc2 Nd5 23. Kb1 Qb6 24. Qc5 Qc7 25. Be4 Ne7 26. g4 Bf4 27. Qc2 Rb8 28. Bxh7+ Kf8 29. Be4 Qb6 30. Rf1 Be3 31. Nc4 1-0


[Site "https://www.chess.com"]

[Event "Titled Tuesday Blitz March 07 Early 2023"]
[White "Kamsky, Gata"]
[Black "Erigaisi Arjun"]
[WhiteFideId "2000024"]
[BlackFideId "35009192"]
[WhiteElo "2666"]
[BlackElo "2737"]
[Result "0-1"]
[Round "09"]
[TimeControl "180+2"]
[Date "2023.03.07"]
[WhiteClock "0:00:01"]
[BlackClock "0:00:06"]

1. e4 c6 2. Nf3 d5 3. d3 Bg4 4. Nbd2 e5 5. Be2 Bd6 6. exd5 cxd5 7. Nxe5 Bf5 8. Nef3 Nc6 9. Nb3 Nge7 10. O-O Qc7 11. Bg5 Ng6 12. Re1 O-O 13. h3 Rae8 14. Nfd4 Bd7 15. Bf3 Nxd4 16. Nxd4 Bc5 17. Nb3 Bb6 18. Rxe8 Rxe8 19. d4 Qd6 20. c3 h6 21. Bd2 Bc7 22. g3 Bxh3 23. Nc5 b6 24. Na6 Bd8 25. Nb4 Be6 26. Qa4 Re7 27. Qc6 Rd7 28. Qxd6 Rxd6 29. a4 a5 30. Nc2 Bg5 31. Bxg5 hxg5 32. Ne3 f5 33. Bh5 Ne7 34. f4 g4 35. Be8 g6 36. Re1 Kf8 37. Bb5 Ng8 38. Nd1 Nf6 39. Nf2 Ne4 40. Nxe4 dxe4 41. Kf2 Kg7 42. Rh1 Rd8 43. Ke3 Rc8 44. Rh2 Bc4 45. Rh1 Rc7 46. Rd1 Kf6 47. d5 Bxb5 48. axb5 Rd7 49. c4 Ke7 50. Rh1 Kd6 51. Kd4 Re7 52. Rh2 e3 53. Re2 Re4+ 54. Kd3 Kc5 55. b3 a4 56. bxa4 Rxc4 57. Rc2 Rxc2 58. Kxc2 Kxd5 59. Kd3 Kc5 60. Kxe3 Kb4 61. Kd4 Kxa4 0-1


[Site "https://www.chess.com"]